 Dungeon Crawl Stone Soup version 0.27.1-33-g824d729ab1 (webtiles) character file.

Game seed: 15701859968224135758

4018 unlimited1921 the Shield-Bearer (level 10, 0/93 (94) HPs)
             Began as a Troll Hunter on Dec 3, 2021.
             Was an Initiate of Gozag.
             Splashed by Maurice's acid (10 damage)
             ... on level 7 of the Dungeon.
             The game lasted 00:52:34 (9328 turns).

unlimited1921 the Shield-Bearer (Troll Hunter)      Turns: 9328, Time: 00:52:39

HP:   0/93 (94)     AC:  3    Str: 29    XL:     10   Next: 3%
MP:   0/9           EV:  7    Int: 11    God:    Gozag
Gold: 0             SH: 17    Dex: 14    Spells: 9/9 levels left

rFire    . . .     SeeInvis .   J - +6 flail "Killer Bee's Peril" {holy, *Slow Str+4 Int+4 Dex+4}
rCold    . . .     Faith    .   e - +0 tower shield
rNeg     . . .     Spirit   +   P - +0 swamp dragon scales
rPois    +         Reflect  .   (helmet restricted)
rElec    .         Harm     .   j - +0 cloak
rCorr    .         Rampage  .   (gloves unavailable)
Will     .....                  (boots unavailable)
Stlth    +.........             u - amulet of guardian spirit
HPRegen  1.25/turn              (no ring)
MPRegen  0.11/turn              (no ring)

@: corroded, slowed, lightly drained, very slow
A: large, unfitting armour, claws 3, regeneration 1, shaggy fur 1, tough skin 1
a: Renounce Religion, Potion Petition, Call Merchant, Bribe Branch


You were on level 7 of the Dungeon.
You worshipped Gozag.
Gozag was noncommittal.
You visited 2 branches of the dungeon, and saw 9 of its levels.

You collected 439 gold pieces.
You spent 336 gold pieces at shops.
You paid 103 gold pieces to Gozag.

Inventory:

Hand Weapons
 a - a +2 hand crossbow
 g - a +0 trident
 m - a +0 spear of freezing
 o - a +3 dagger
 v - a +1 spear of venom
 w - a +0 long sword
 z - a +6 halberd
 J - the +6 flail "Killer Bee's Peril" (weapon) {holy, *Slow Str+4 Int+4 Dex+4}
   (You found it on level 5 of the Dungeon)

   It has been blessed by the Shining One to cause great damage to the undead
   and demons.
   Str:       It affects your strength (+4).
   Int:       It affects your intelligence (+4).
   Dex:       It affects your dexterity (+4).
   *Slow:     It may slow you when you take damage.
 N - a +0 hand crossbow
 O - a +0 war axe
 Q - a +3 quarterstaff of chaos
 R - a +0 mace of protection
 S - a +0 dagger of flaming
Missiles
 d - 74 bolts
 h - 13 boomerangs (quivered)
 q - 4 curare-tipped darts
 y - 49 poisoned darts
 G - 2 boomerangs of dispersal
 T - 3 javelins
Armour
 e - a +0 tower shield (worn)
 j - a +0 cloak (worn)
 P - +0 swamp dragon scales (worn)
Jewellery
 u - an amulet of guardian spirit (around neck)
Wands
 b - a wand of polymorph (9)
 B - a wand of paralysis (11)
 C - a wand of iceblast (10)
 L - a wand of flame (28)
 M - a wand of charming (3)
Scrolls
 l - a scroll of torment
 p - 3 scrolls of teleportation
 s - a scroll of brand weapon
 t - 2 scrolls of enchant weapon
 D - 2 scrolls of amnesia
 F - 2 scrolls of blinking
 H - a scroll of magic mapping
 U - a scroll of noise {unknown}
Potions
 f - a potion of attraction
 i - a potion of invisibility {unknown}
 k - 3 potions of might {unknown}
 n - 2 potions of flight
 r - a potion of resistance
 x - a potion of magic
 A - 2 potions of degeneration {unknown}
 E - a potion of lignification
 I - 3 potions of berserk rage


   Skills:
 * Level 4.9 Fighting
 + Level 1.5 Short Blades
 + Level 4.7 Maces & Flails
 + Level 1.2 Polearms
 + Level 3.2 Crossbows
 * Level 4.6 Throwing
 + Level 2.8 Armour
 + Level 3.7 Dodging
 + Level 1.4 Stealth
 * Level 6.7 Shields


You had 9 spell levels left.
You didn't know any spells.
Your spell library contained the following spells:

 Spells                   Type           Power      Damage    Failure   Level
 Slow                     Hex            0%         N/A       99%         2
 Confusing Touch          Hex            0%         N/A       100%        3
 Ignite Poison            Fire/Tmut/Pois 0%         N/A       100%        3
 Inner Flame              Hex/Fire       0%         N/A       100%        3
 Mephitic Cloud           Conj/Pois/Air  0%         N/A       100%        3
 Cause Fear               Hex            0%         N/A       100%        4
 Bolt of Magma            Conj/Fire/Erth 0%         4d4       100%        5
 Yara's Violent Unravell  Hex/Tmut       0%         3d3       100%        5
 Discord                  Hex            0%         N/A       100%        8


Dungeon Overview and Level Annotations

Branches:
Dungeon (8/15)             Temple (1/1) D:7
   Lair: D:8-11

Altars:
Ashenzari
Cheibriados
Dithmenos
Elyvilon
Fedhas
Gozag
Hepliaklqana
Kikubaaqudgha
Makhleb
Nemelex Xobeh
Okawaru
Qazlal
Ru
Sif Muna
Trog
Uskayaw
Vehumet
Wu Jian
Xom
Yredelemnul
Zin
The Shining One

Shops:
D:6 ?   D:7 [(*:

Annotations:
D:7 Maurice


Innate Abilities, Weirdness & Mutations

You are too large for most types of armour.
You have claws for hands.
Your natural rate of healing is unusually fast.
You are covered in fur. (AC +1)
You have tough skin. (AC +1)


Message History

Maurice drinks a potion.
Maurice seems to speed up.
Maurice zaps a wand.
The bolt of acid hits you! The acid corrodes you!
You are splashed with acid!
You sock Maurice!
Maurice is severely wounded.
You block Maurice's attack.
Maurice looks sneaky.
You block Maurice's attack.
You completely miss Maurice.
Maurice is severely wounded.
Maurice zaps a wand.
The bolt of acid misses you. You block Maurice's attack.
You hit Maurice but do no damage.
Maurice is severely wounded.
You block Maurice's attack. x2
You sock Maurice!
Maurice is almost dead.
Maurice gestures wildly while chanting.
Maurice resists with some effort.
Maurice gestures wildly while chanting.
Maurice flickers and vanishes!
Deactivating autopickup; reactivate with Ctrl-A.
You sock something!
You hear some strange, mumbled words.
You block something's attack.
You miss something.
You hear a zap.
A bolt of acid appears from out of thin air!
The bolt of acid hits you! The acid corrodes you!
You are splashed with acid!
You feel yourself slow down. Something hits you.
Something groans, "What are you, a monk?"
You hear some strange, mumbled words.
You hear a zap.
A bolt of acid appears from out of thin air!
The bolt of acid hits you!
You are splashed with acid!
You hear a zap.
A bolt of acid appears from out of thin air!
The bolt of acid hits you!!
* * * LOW HITPOINT WARNING * * *
You are splashed with acid!
You die...
Your body crumbles into a pile of gold.

#.# #.########.#####(....##.#
###.###.###### #.# #..#.###)###
#..........>.# #.# #..#........
.............# #.# #..#.###>#..
<.###.#.###..###.## #..#.# #....
..###.#.# #.......# #..#.####'##
..##....###.....{## #..#.#......
..##......[......#####....#.8...8
......#####.....@.......#.#..).[.
..##..#####..............['..)>..
.......................P.##...[..
............#.........>P.##.8...8
####..#######....###.....##......
#...<............# #.....#####'##
#.###.#########.## ####### #..##
#.# #.# ##.#############.###
#.###.# #.#......##.<....# #


There were no monsters in sight!

Vanquished Creatures
  Pikel (D:7)
  Maggie (D:6)
  Prince Ribbit (D:6)
  A slime creature (D:5)
  Sigmund (D:6)
  A wraith (D:7)
  Duvessa (D:7)
  Menkaure (D:6)
  An ice beast (D:6)
  An orc warrior (D:7)
  A sky beast (D:7)
  An ogre (D:5)
  3 centaurs
  3 lemures (D:7)
  2 kobold brigands
  4 scorpions
  2 bullfrogs (D:7)
  A gnoll sergeant (D:6)
  Dowan (D:7)
  A water moccasin zombie (D:6)
  4 wights
  2 howler monkeys (D:4)
  2 centaur zombies
  2 bullfrog zombies
  6 jellies (D:5)
  A hound (D:7)
  Crazy Yiuf (D:7)
  A bullfrog skeleton (D:7)
  3 orc priests
  A centaur skeleton (D:5)
  An iguana (D:6)
  4 orc wizards
  2 killer bee zombies (D:8)
  2 howler monkey zombies
  5 gnolls (D:6)
  8 adders
  A shadow imp (D:6)
  A white imp (D:7)
  An ufetubus (D:7)
  4 worms
  5 dart slugs
  18 orcs
  3 ball pythons
  12 endoplasms
  6 giant cockroaches
  3 goblins
  5 hobgoblins
  7 jackals
  14 kobolds
  3 quokkas
  3 bats
  4 frilled lizards
  8 rats
172 creatures vanquished.

Vanquished Creatures (collateral kills)
  A kobold (D:5)
1 creature vanquished.

Vanquished Creatures (others)
  2 kobolds (D:5)
  7 fungi (D:5)
  8 toadstools (D:5)
17 creatures vanquished.

Grand Total: 190 creatures vanquished

Notes
Turn   | Place    | Note
-------+----------+-------------------------------------------
     0 | D:1      | unlimited1921 the Troll Hunter began the quest for the Orb.
     0 | D:1      | Reached XP level 1. HP: 19/19 MP: 0/0
    33 | D:1      | Found a faded altar of an unknown god.
   106 | D:1      | Reached XP level 2. HP: 28/28 MP: 1/1
   607 | D:2      | Reached XP level 3. HP: 24/35 MP: 2/2
   852 | D:2      | Reached skill level 1 in Shields
  1094 | D:2      | Reached XP level 4. HP: 42/42 MP: 3/3
  2243 | D:3      | Noticed a scorpion
  2278 | D:3      | Killed a scorpion
  2279 | D:3      | Reached skill level 1 in Polearms
  2279 | D:3      | Reached XP level 5. HP: 35/50 MP: 4/4
  2618 | D:3      | Reached skill level 2 in Shields
  3085 | D:4      | Reached XP level 6. HP: 58/59 MP: 5/5
  3970 | D:5      | Entered Level 5 of the Dungeon
  4009 | D:5      | Reached skill level 1 in Short Blades
  4090 | D:5      | Reached skill level 1 in Throwing
  4209 | D:5      | Identified the +6 flail "Killer Bee's Peril" {holy, *Slow
                  | Str+4 Int+4 Dex+4}
  4487 | D:5      | Found a broken altar of Ashenzari.
  4487 | D:5      | Found a hide-covered altar of Uskayaw.
  4487 | D:5      | Found a blossoming altar of Fedhas.
  4487 | D:5      | Found a shimmering blue altar of Sif Muna.
  4494 | D:5      | Found a glowing silver altar of Zin.
  4494 | D:5      | Found an ornate altar of the Wu Jian Council.
  4499 | D:5      | Reached skill level 3 in Shields
  4499 | D:5      | Reached XP level 7. HP: 46/67 MP: 6/6
  4640 | D:5      | Noticed a slime creature
  4648 | D:5      | Reached skill level 1 in Maces & Flails
  4776 | D:5      | Killed a slime creature
  5302 | D:5      | Reached XP level 8. HP: 75/75 MP: 7/7
  5471 | D:6      | Noticed Sigmund
  5609 | D:6      | Found a glowing golden altar of the Shining One.
  5651 | D:6      | Noticed Maggie
  5674 | D:6      | Killed Maggie
  5675 | D:6      | Reached skill level 1 in Stealth
  5675 | D:6      | Reached skill level 4 in Shields
  5692 | D:6      | Found Weusywi's Magic Scroll Shop.
  5718 | D:6      | Noticed Prince Ribbit
  5721 | D:6      | Noticed Menkaure
  5737 | D:6      | HP: 2/78 [Menkaure/nerve-wracking pain (7)]
  5742 | D:6      | Killed Menkaure
  5758 | D:6      | Killed Prince Ribbit
  5936 | D:6      | Bought a scroll of identify for 24 gold pieces
  5936 | D:6      | Bought a scroll of teleportation for 36 gold pieces
  6111 | D:6      | Reached skill level 5 in Shields
  6527 | D:6      | Killed Sigmund
  6528 | D:6      | Reached skill level 1 in Armour
  6528 | D:6      | Reached XP level 9. HP: 84/84 MP: 8/8
  6951 | D:7      | Found a staircase to the Ecumenical Temple.
  6998 | Temple   | Entered the Ecumenical Temple
  7116 | Temple   | Became a worshipper of Gozag Ym Sagoz the Greedy
  7592 | D:7      | Found a runed translucent door.
  7593 | D:7      | Noticed Crazy Yiuf
  7712 | D:7      | Noticed Pikel
  7713 | D:7      | Noticed Dowan
  7714 | D:7      | Noticed Duvessa
  7730 | D:7      | Killed Dowan
  7731 | D:7      | Reached skill level 6 in Shields
  7731 | D:7      | Killed Pikel
  7732 | D:7      | Killed Duvessa
  7855 | D:7      | Found Doop Xisk's General Store.
  7858 | D:7      | Found Wevoec's Book Boutique.
  7858 | D:7      | Found Gekhlulionn's Armour Boutique.
  7863 | D:7      | Found Tyuschenk's Antique Weapon Boutique.
  7898 | D:7      | Bought a wand of paralysis (11) for 156 gold pieces
  7898 | D:7      | Bought a wand of flame (18) for 120 gold pieces
  8149 | D:7      | Killed Crazy Yiuf
  8283 | D:8      | Noticed Maurice
  8296 | D:7      | Paralysed by something for 3 turns
  8312 | D:7      | Paralysed by something for 7 turns
  8847 | D:8      | Reached XP level 10. HP: 91/92 MP: 7/9
  9328 | D:7      | Splashed by Maurice's acid

Illustrated notes

Levels and vault maps discovered:
D:1:      giann_bridges, layout_rooms, ebering_ecumenical_altar_petrified,
          st_stairs_6
D:2:      layout_basic, minmay_pentomino_o4
D:3:      minmay_bubble_buster, layout_loops_cross
D:4:      layout_layer_cave
D:5:      cheibrodos_fertilizer, layout_basic, minmay_overflow_temple_hex
D:6:      layout_basic, nicolae_tso_swordbearing_angel, serial_shops, shop,
          kennysheep_generic_room_12, uniq_sigmund, uniq_menkaure, uniq_maggie,
          uniq_prince_ribbit1
D:7:      layout_loops_ring, minmay_temple_entry_overgrown, grunt_ministairs_1,
          minmay_shop_grid_forest, kennysheep_small_square, uniq_pikel,
          uniq_crazy_yiuf_cottage, uniq_duvessa
D:8:      layout_rooms, uniq_maurice
Temple:   regret_index_temple_generic_petals

Skill      XL: |  1  2  3  4  5  6  7  8  9 |
---------------+----------------------------+-----
Fighting       | 2 3 4 |  4.9
Crossbows      | 3 |  3.2
Shields        | 1 2 3 5 6 |  6.7
Polearms       | 1 |  1.2
Dodging        | 2 3 |  3.7
Short Blades   | 1 |  1.5
Throwing       | 1 2 3 4 |  4.6
Maces & Flails | 2 3 4 |  4.7
Stealth        | 1 |  1.4
Armour         | 1 2 |  2.8

Action                   |  1- 3 |  4- 6 |  7- 9 | 10-12 || total
-------------------------+-------+-------+-------+-------++-------
Melee: Spear             |    96 |    54 |       |       ||   150
       Short sword       |       |    84 |       |       ||    84
       Flail             |       |    13 |   282 |    31 ||   326
 Fire: Hand crossbow     |    38 |       |       |       ||    38
Throw: Boomerang         |     9 |     7 |     1 |       ||    17
       Dart              |       |    15 |    22 |       ||    37
Evoke: Wand              |       |       |    27 |       ||    27
  Use: Scroll            |       |       |     9 |     1 ||    10
       Potion            |       |       |     8 |       ||     8
 Stab: Sleeping          |       |     2 |       |       ||     2
Armor: Robe              |    34 |    41 |     6 |       ||    81
       Swamp dragon scal |       |       |    76 |     7 ||    83
Dodge: Dodged            |    21 |    27 |    81 |     2 ||   131
Block: Tower shield      |    68 |   112 |   299 |    30 ||   509
